Map: New Repugnancy LE

Players

Clem - Winner!

  • Race: Terran Terran
  • Spawn Location: 7:00

SunSet

  • Race: Zerg Zerg
  • Spawn Location: 1:00

Event: 2019 WCS Spring

VOD

Have the link to the VOD?

Description

Time

  • Played on: May 17, 2019, 6:25 a.m.
  • Length: 7:30

All games in this series

Show
View Real Time Build Order
Export as new Build Order

Clem Terran - Winner!

Build Orders: Gas First Reaper Expand, Banshee Rush 

Get SALT Encoding   

  12  0:00  SCV  
  13  0:13  SCV  
  14  0:18  Supply Depot  
  14  0:25  SCV  
  15  0:29  Refinery  
  15  0:39  SCV  
  16  0:45  Barracks  
  16  0:52  SCV  
  17  1:04  SCV  
  18  1:16  SCV  
  19  1:32  Reaper, Orbital Command  
  20  1:43  Command Center  
  20  1:56  Factory  
  20  1:58  SCV  
  21  2:07  Barracks Reactor  
  21  2:11  SCV  
  21  2:14  Supply Depot  
  22  2:20  Refinery  
  22  2:23  SCV  
  23  2:35  SCV  
  24  2:45  Starport  
  24  2:47  SCV  
  24  2:48  Hellion  
  24  2:51  Hellion  
  29  2:58  Orbital Command  
  29  2:59  SCV  
  29  3:05  Barracks Tech Lab  
  30  3:11  SCV  
  30  3:12  Hellion  
  33  3:16  Hellion  
  35  3:24  SCV  
  35  3:26  SCV  
  36  3:31  Viking  
  38  3:36  SCV  
  38  3:40  SCV  
  40  3:44  Factory Tech Lab, Supply Depot, Cloaking Field  
  40  3:48  Marine x2  
  40  3:50  SCV  
  40  3:53  SCV  
  44  4:05  SCV x2, Banshee  
  44  4:07  Supply Depot  
  44  4:08  Marine x2  
  51  4:12  Siege Tank  
  54  4:27  Supply Depot  
  54  4:28  Marine x2  
  54  4:29  SCV x2  
  54  4:30  Supply Depot  
  58  4:40  Supply Depot  
  58  4:41  SCV x2  
  60  4:46  Marine x2  
  60  4:48  Siege Tank  
  60  4:50  Banshee  
  68  4:59  Supply Depot  
  69  5:00  SCV  
  69  5:01  Barracks x2  
  69  5:04  Marine  
  70  5:07  SCV  
  71  5:15  Marine  
  71  5:16  SCV  
  71  5:20  SCV, Siege Tank  
  72  5:24  Marine  
  69  5:28  SCV  
  69  5:32  SCV  
  69  5:33  Marine  
  62  5:40  SCV  
  62  5:42  Marine  
  61  5:44  SCV  
  61  5:49  Marine x2  
  62  5:51  Marine  
  62  5:52  SCV  
  62  5:56  SCV  
  66  6:00  Marine  
  67  6:05  SCV  
  67  6:07  Marine  
  67  6:08  SCV  
  67  6:09  Marine  
  70  6:17  SCV, Marine  
  71  6:20  SCV, Marine  
  71  6:25  Barracks x2, Marine  
  74  6:26  Marine  
  75  6:34  Siege Tank  
  75  6:37  Marine  
  75  6:38  SCV x2, Marine  
  82  6:43  Supply Depot  
  82  6:52  Starport Reactor  
  82  6:54  SCV x2  
  82  6:55  Refinery  
  82  6:56  Refinery  
  82  6:57  Supply Depot  
  82  6:58  Marine x2  
  82  6:59  Marine, Barracks Reactor  
  87  7:06  SCV  
  87  7:08  SCV  
  89  7:21  Command Center  
  97  7:30  Supply Depot  
Show
View Real Time Build Order
Export as new Build Order

SunSet Zerg 

Build Orders: Hatch First 

Get SALT Encoding   

  12  0:01  Drone  
  13  0:13  Overlord  
  13  0:18  Drone  
  14  0:32  Drone x2  
  17  0:35  Drone  
  17  0:53  Hatchery  
  17  0:56  Drone  
  17  0:59  Drone  
  18  1:13  Extractor  
  18  1:15  Spawning Pool  
  18  1:17  Drone  
  17  1:27  Drone  
  17  1:30  Drone  
  19  1:44  Overlord  
  19  1:55  Drone  
  20  2:02  Queen  
  20  2:03  Zergling x2  
  20  2:05  Queen, Zergling x2  
  26  2:12  Metabolic Boost, Drone  
  27  2:16  Drone  
  28  2:23  Drone  
  29  2:31  Drone  
  29  2:35  Drone  
  31  2:37  Drone  
  32  2:46  Drone  
  32  2:49  Overlord  
  33  2:54  Lair  
  33  2:55  Drone  
  33  2:58  Queen  
  36  3:09  Spore Crawler, Zergling x4  
  37  3:19  Hatchery  
  36  3:21  Zergling x2  
  36  3:25  Drone  
  36  3:26  Drone  
  39  3:31  Drone  
  39  3:32  Drone  
  41  3:34  Zergling x2  
  41  3:35  Zergling x2  
  41  3:40  Zergling x2  
  44  3:46  Overlord  
  44  3:52  Nydus Network  
  43  3:58  Overlord  
  44  4:04  Queen  
  44  4:05  Overlord  
  44  4:07  Zergling x2  
  44  4:08  Overlord, Zergling x4  
  44  4:09  Overseer  
  49  4:10  Zergling x2  
  49  4:15  Overlord  
  50  4:22  Zergling x2  
  50  4:23  Queen  
  53  4:25  Zergling x2  
  53  4:30  Zergling x2  
  55  4:33  Zergling x2  
  53  4:42  Queen  
  53  4:44  Zergling x4  
  56  4:51  Overlord  
  56  4:54  Nydus Canal  
  56  4:57  Zergling x2  
  56  4:58  Queen  
  59  5:04  Zergling x2  
  56  5:08  Zergling x2  
  56  5:13  Zergling x2  
  58  5:16  Nydus Canal  
  58  5:17  Zergling x2  
  58  5:19  Zergling x4  
  56  5:28  Zergling x2  
  52  5:32  Zergling x2  
  52  5:33  Zergling x2  
  52  5:34  Queen x2  
  54  5:39  Zergling x2  
  47  5:43  Zergling x6  
  47  5:49  Zergling x2  
  48  5:50  Nydus Canal  
  48  5:51  Zergling x2  
  49  5:59  Zergling x2  
  49  6:02  Zergling x2  
  51  6:08  Zergling x2  
  51  6:10  Queen x2  
  52  6:12  Nydus Canal  
  52  6:16  Zergling x2  
  52  6:17  Zergling x6  
  56  6:18  Zergling x2  
  56  6:20  Overseer  
  57  6:27  Zergling x8  
  61  6:36  Zergling x2  
  61  6:38  Drone  
  63  6:45  Overlord, Queen  
  63  6:46  Drone x2  
  67  6:51  Overlord  
  67  6:52  Nydus Canal  
  67  6:56  Drone  
  67  6:59  Overlord  
  68  7:03  Zergling x2  
  71  7:10  Zergling x2  
Tags
 
Add a new tag
Caveats
  • Supply blocks, unpowered buildings, or Contaminate may cause inaccurate times.
  • Supply counts are checked every 10 seconds.